[Event "FIDE WCCC G10 2018"]
[Site "Santiago de Compostela"]
[Date "2018.11.04"]
[Round "1"]
[White "Kleymenova, Valeria"]
[Black "Barranco Lopez, Alba"]
[Result "1-0"]
[ECO "D00"]
[WhiteElo "1773"]
[BlackElo "1201"]
[Annotator "NA"]
[PlyCount "91"]
[EventDate "2018.11.04"]
[EventType "swiss"]
[EventCountry "ESP"]
[SourceTitle "playchess.com"]
[Source "ChessBase"]
[SourceQuality "1"]
[TimeControl "40/5400+30:1800+30"]

1. d4 d5 2. Bf4 Nf6 3. e3 c5 4. c3 Qb6 5. Qb3 c4 6. Qc2 Nc6 7. Nd2 e6 8. Ngf3 Be7 9. Be2 O-O 10. O-O Rd8 11. Rab1 Qa6 12. b3 cxb3 13. Nxb3 Qa3 14. Nbd2 b6 15. Rb3 Qa5 16. Rb5 Qa6 17. Re1 Qb7 18. Bd3 Qd7 19. Rb2 Bd6 20. Bg5 Be7 21. Bxf6 Bxf6 22. Bxh7+ Kh8 23. Bd3 e5 24. dxe5 Nxe5 25. Nxe5 Bxe5 26. Nf3 Bf6 27. Nd4 Re8 28. Bb5 Qe7 29. Bxe8 Qxe8 30. Nb5 Qc6 31. Nd4 Qe8 32. Qb3 Bb7 33. a4 Qe7 34. a5 Qd6 35. axb6 axb6 36. Qxb6 Qxb6 37. Rxb6 Ra7 38. Nb5 Ra8 39. Rxb7 Ra5 40. Nd4 Kg8 41. g3 Ra3 42. Rb3 Rxb3 43. Nxb3 Bxc3 44. Rd1 Bb4 45. Rxd5 Be7 46. e4 1-0

[Event "FIDE WCCC G10 2018"]
[Site "Santiago de Compostela"]
[Date "2018.11.04"]
[Round "1"]
[White "Zakirova, Aisha"]
[Black "Wen, Kally"]
[Result "1-0"]
[ECO "D38"]
[WhiteElo "1678"]
[BlackElo "1195"]
[Annotator "NA RC"]
[PlyCount "61"]
[EventDate "2018.11.04"]
[EventType "swiss"]
[EventCountry "ESP"]
[SourceTitle "playchess.com"]
[Source "ChessBase"]
[SourceQuality "1"]
[TimeControl "40/5400+30:1800+30"]

1. d4 Nf6 2. c4 e6 3. Nf3 d5 4. Nc3 Bb4 5. cxd5 exd5 6. Bg5 Qd6 7. Bxf6 Qxf6 8. Qa4+ Nc6 9. e3 O-O 10. a3 Bxc3+ 11. bxc3 Bd7 12. Qb3 Qd6 13. Bd3 h6 14. O-O Kh8 15. e4 dxe4 16. Bxe4 f5 17. Bxc6 Bxc6 18. Ne5 Qf6 19. Rfe1 Rad8 20. Rad1 b6 21. d5 Bb7 22. f4 Kh7 23. c4 Qd6 24. Qg3 b5 25. cxb5 Qb6+ 26. Kh1 Bxd5 27. a4 Bb7 28. Nd7 Qa5 29. Nxf8+ Rxf8 30. Re7 Rg8 31. Rdd7 1-0

[Event "FIDE WCCC G10 2018"]
[Site "Santiago de Compostela"]
[Date "2018.11.04"]
[Round "1"]
[White "Braeutigam, Katerina"]
[Black "Job, Anahita"]
[Result "1-0"]
[ECO "A20"]
[WhiteElo "1647"]
[BlackElo "1180"]
[Annotator "NA"]
[PlyCount "93"]
[EventDate "2018.11.04"]
[EventType "swiss"]
[EventCountry "ESP"]
[SourceTitle "playchess.com"]
[Source "ChessBase"]
[SourceQuality "1"]
[TimeControl "40/5400+30:1800+30"]

1. c4 e5 2. g3 Nf6 3. Bg2 Nc6 4. Nc3 Bb4 5. e3 O-O 6. Nge2 Re8 7. O-O d6 8. b3 Be6 9. Bb2 Qd7 10. d4 Rad8 11. d5 Bf5 12. dxc6 bxc6 13. Rc1 d5 14. Na4 e4 15. c5 Bh3 16. a3 Ba5 17. b4 Bxb4 18. axb4 Rb8 19. Bxf6 gxf6 20. Qd4 Bxg2 21. Kxg2 Qe6 22. Nf4 Qf5 23. Ra1 Kf8 24. Nc3 Rb7 25. Rfb1 Reb8 26. Nce2 Re8 27. Ra6 Reb8 28. Ra4 Ra8 29. Qa1 Ke7 30. Nd4 Qg5 31. Nxc6+ Kf8 32. Rxa7 Raxa7 33. Nxa7 Rb8 34. Nc6 Re8 35. Qa2 Kg8 36. Qxd5 Kh8 37. Qxf7 Qg8 38. Qxf6+ Qg7 39. Qxg7+ Kxg7 40. b5 Rc8 41. b6 cxb6 42. cxb6 Rxc6 43. b7 Rf6 44. b8=Q Rf8 45. Rb7+ Kg8 46. Qc7 Rxf4 47. Qg7# 1-0

[Event "FIDE WCCC G10 2018"]
[Site "Santiago de Compostela"]
[Date "2018.11.04"]
[Round "1"]
[White "Vlasova, Olesia"]
[Black "Bitca, Emilia"]
[Result "1-0"]
[ECO "C62"]
[WhiteElo "1639"]
[BlackElo "1169"]
[Annotator "NA RC"]
[PlyCount "85"]
[EventDate "2018.11.04"]
[EventType "swiss"]
[EventCountry "ESP"]
[SourceTitle "playchess.com"]
[Source "ChessBase"]
[SourceQuality "1"]
[TimeControl "40/5400+30:1800+30"]

1. e4 e5 2. Nf3 Nc6 3. Bb5 d6 4. d4 Bd7 5. Nc3 Nf6 6. O-O a6 7. Bxc6 Bxc6 8. dxe5 dxe5 9. Nxe5 Qxd1 10. Rxd1 Bd6 11. Nxc6 bxc6 12. e5 Be7 13. exf6 Bxf6 14. Bf4 Rc8 15. Re1+ Kf8 16. Rad1 h6 17. Rd7 g5 18. Bxc7 Kg7 19. Be5 Bxe5 20. Rxe5 Rhd8 21. Rxd8 Rxd8 22. Re2 Kg6 23. f3 h5 24. Kf2 h4 25. Ne4 Rb8 26. b3 Rb5 27. Rd2 Rb6 28. Rd6+ Kg7 29. Nxg5 Rb5 30. Ne4 f5 31. Ng5 Ra5 32. a4 Rd5 33. Rxd5 cxd5 34. b4 Kf6 35. f4 Ke7 36. Nf3 Kd6 37. Nxh4 d4 38. Nxf5+ Kd5 39. h4 Ke4 40. g4 Kxf4 41. h5 Kg5 42. b5 axb5 43. axb5 1-0

[Event "FIDE WCCC G10 2018"]
[Site "Santiago de Compostela"]
[Date "2018.11.04"]
[Round "1"]
[White "Anupam M Sreekumar"]
[Black "Harel Raz, Eden"]
[Result "1-0"]
[ECO "B01"]
[WhiteElo "1615"]
[BlackElo "1163"]
[Annotator "NA RC"]
[PlyCount "63"]
[EventDate "2018.11.04"]
[EventType "swiss"]
[EventCountry "ESP"]
[SourceTitle "playchess.com"]
[Source "ChessBase"]
[SourceQuality "1"]
[TimeControl "40/5400+30:1800+30"]

1. e4 d5 2. exd5 Nf6 3. d4 Nxd5 4. Nf3 Nc6 5. Bb5 Bd7 6. c4 Nf6 7. d5 Nb4 8. Ba4 b5 9. Bb3 Rb8 10. Nc3 bxc4 11. Bxc4 Bf5 12. Nd4 Be4 13. Qa4+ Nd7 14. Nxe4 g6 15. Bb5 Bg7 16. Qxb4 Bxd4 17. Qxd4 Rg8 18. Qa4 e5 19. Bxd7+ Qxd7 20. Nf6+ Ke7 21. Nxd7 Rbd8 22. Bg5+ Ke8 23. Nxe5+ Kf8 24. Bh6+ Ke7 25. Nc6+ Ke8 26. Nxd8+ Kxd8 27. Bg5+ Kc8 28. Qc6 Kb8 29. Bf4 Rc8 30. Rc1 Rd8 31. Qxc7+ Ka8 32. Qc6# 1-0

[Event "FIDE WCCC G10 2018"]
[Site "Santiago de Compostela"]
[Date "2018.11.04"]
[Round "1"]
[White "Szczotka, Klara"]
[Black "Carrizo Ledesma, Helena"]
[Result "1-0"]
[ECO "C10"]
[WhiteElo "1581"]
[BlackElo "1149"]
[Annotator "NA"]
[PlyCount "113"]
[EventDate "2018.11.04"]
[EventType "swiss"]
[EventCountry "ESP"]
[SourceTitle "playchess.com"]
[Source "ChessBase"]
[SourceQuality "1"]
[TimeControl "40/5400+30:1800+30"]

1. e4 e6 2. d4 d5 3. Nc3 Nc6 4. e5 Bb4 5. a3 Bxc3+ 6. bxc3 Nge7 7. Bd3 Nf5 8. Nf3 O-O 9. O-O Bd7 10. Qe2 a6 11. a4 Na7 12. c4 dxc4 13. Bxc4 b5 14. axb5 Bxb5 15. Be3 Rb8 16. Rfd1 Nc6 17. Rab1 Bxc4 18. Qxc4 Rxb1 19. Rxb1 Nxe3 20. fxe3 Qa8 21. Nd2 Rb8 22. Rxb8+ Nxb8 23. Qxc7 Nc6 24. Nc4 Nb4 25. Nd6 Qf8 26. c4 f6 27. exf6 Qxf6 28. Qb8+ Qf8 29. Qxb4 a5 30. Qa3 a4 31. Nb5 Qa8 32. Nc3 Qa5 33. Qxa4 Qxa4 34. Nxa4 Kf7 35. Kf2 Kf6 36. e4 e5 37. dxe5+ Kxe5 38. Ke3 g6 39. c5 g5 40. Nb6 h5 41. Nc4+ Ke6 42. Kd4 g4 43. g3 Kd7 44. Ne5+ Ke6 45. c6 Kd6 46. Ke3 Kc7 47. Kf4 Kd6 48. Kg5 Kxe5 49. c7 Kxe4 50. c8=Q Kf3 51. Qc6+ Kf2 52. Qh1 Ke2 53. Qg2+ Ke1 54. Kf4 Kd1 55. Ke3 Kc1 56. Qa2 Kd1 57. Qb1# 1-0

[Event "FIDE WCCC G10 2018"]
[Site "Santiago de Compostela"]
[Date "2018.11.04"]
[Round "1"]
[White "Vilca Cruz, Marsia Gianella Kat"]
[Black "Edithso, Samantha"]
[Result "0-1"]
[ECO "B84"]
[WhiteElo "1211"]
[BlackElo "1879"]
[Annotator "NA RC"]
[PlyCount "128"]
[EventDate "2018.11.04"]
[EventType "swiss"]
[EventCountry "ESP"]
[SourceTitle "playchess.com"]
[Source "ChessBase"]
[SourceQuality "1"]
[TimeControl "40/5400+30:1800+30"]

1. e4 c5 2. Nf3 d6 3. d4 cxd4 4. Nxd4 Nf6 5. Nc3 a6 6. Be2 e6 7. Be3 Be7 8. O-O O-O 9. a4 b6 10. f4 Bb7 11. Bf3 Nbd7 12. Nb3 Qc7 13. Qe2 Nc5 {[%emt 0:01:53] B84: Sicilian Scheveningen: 6 Be2 a6, lines without early Be3} (13... Rac8 14. Rad1 e5 15. f5 Qc4 16. Qf2 Nc5 17. Nxc5 bxc5 18. Bg5 Rfd8 19. Qe3 Qb4 20. Kh1 h6 21. Bxh6 gxh6 22. Qxh6 {1-0 (41) Stetsko,L (2285)-Zhigalko,S (2655) Minsk 2016}) 14. Nxc5 bxc5 15. a5 Bc6 16. Bf2 Rfb8 $146 ({Predecessor:} 16... Rfe8 17. Rfd1 Qb7 18. e5 Nd5 19. Nxd5 exd5 20. exd6 Bxd6 21. Qd2 Qxb2 {½-½ (51) Bhanot,S (1805)-Niharika,C (1578) Saravanampatty 2017}) 17. e5 Bxf3 18. Qxf3 dxe5 19. fxe5 Qxe5 20. Rfe1 Qc7 21. Bg3 Bd6 22. Bxd6 Qxd6 23. Rad1 Qc7 24. Na4 Qxa5 25. b3 Qc7 26. Rd3 Rd8 27. Red1 Rac8 28. Qg3 Rxd3 29. Qxd3 a5 30. Kh1 Nd5 31. Nc3 Nxc3 32. Qxc3 Rd8 33. Rxd8+ Qxd8 34. h3 Qb6 35. g4 Qb4 36. Qd3 Qd4 37. Qxd4 cxd4 38. Kg2 f6 39. Kf3 Kf7 40. Ke4 e5 41. Kd5 Ke7 42. Kc5 g6 $19 43. Kd5 Kd7 44. h4 h5 45. gxh5 gxh5 46. Ke4 Ke6 47. Kd3 f5 48. c3 dxc3 49. Kxc3 f4 50. Kd3 Kf5 51. Ke2 e4 52. Kf1 Kg4 53. Kf2 e3+ 54. Ke2 Kg3 55. Kf1 f3 56. Ke1 f2+ 57. Ke2 Kg2 58. Kxe3 f1=Q 59. Kd4 Qb5 60. b4 axb4 61. Ke4 b3 62. Ke3 b2 63. Kd2 b1=Q 64. Kc3 Q5b4# 0-1

[Event "FIDE WCCC G10 2018"]
[Site "Santiago de Compostela"]
[Date "2018.11.04"]
[Round "1"]
[White "Field, Rowan Soraya"]
[Black "Shvedova, Alexandra"]
[Result "0-1"]
[ECO "B90"]
[WhiteElo "1206"]
[BlackElo "1782"]
[Annotator "NA"]
[PlyCount "140"]
[EventDate "2018.11.04"]
[EventType "swiss"]
[EventCountry "ESP"]
[SourceTitle "playchess.com"]
[Source "ChessBase"]
[SourceQuality "1"]
[TimeControl "40/5400+30:1800+30"]

1. e4 c5 2. Nf3 d6 3. d4 cxd4 4. Nxd4 Nf6 5. Nc3 a6 6. f3 e6 7. Be3 b5 8. Qd2 Nbd7 9. O-O-O Bb7 10. g4 Nb6 11. h4 Nfd7 12. h5 b4 13. Nb1 d5 14. Bg5 Be7 15. Bxe7 Qxe7 16. Re1 dxe4 17. fxe4 h6 18. Nf3 Rd8 19. Qf4 Qf6 20. Qe3 Na4 21. Qb3 Ndc5 22. Qxb4 Qxf3 23. b3 Qf4+ 24. Nd2 Nb6 25. Bh3 Nxe4 26. Rd1 Rxd2 27. Rxd2 Qxd2+ 28. Qxd2 Nxd2 29. Re1 Nf3 30. Rd1 Ke7 31. c4 Ng5 32. Bf1 Bf3 33. Re1 Bxg4 34. c5 Rc8 35. b4 a5 36. Ba6 Rc7 37. Kb2 Nd5 38. b5 Rxc5 39. a4 Nb4 40. Re3 Nxa6 41. bxa6 Rc6 42. Rb3 Rxa6 43. Kc2 Bxh5 44. Kd2 Ne4+ 45. Ke3 f5 46. Rb1 Be8 47. Ra1 g5 48. Kf3 e5 49. Kg2 g4 50. Kh2 f4 51. Kg2 f3+ 52. Kg1 g3 53. Kf1 f2 54. Kg2 h5 55. Kf1 Nd2+ 56. Kg2 Bc6+ 57. Kxg3 f1=Q 58. Rxf1 Nxf1+ 59. Kf2 Nh2 60. Kg3 Nf3 61. Kf2 e4 62. Kf1 e3 63. Ke2 h4 64. Kxe3 h3 65. Kf2 h2 66. Kg2 Ra8 67. Kh1 Rh8 68. Kg2 h1=Q+ 69. Kf2 Qe1+ 70. Kg2 Rh2# 0-1

[Event "FIDE WCCC G10 2018"]
[Site "Santiago de Compostela"]
[Date "2018.11.04"]
[Round "1"]
[White "Stepanjan, Marianne"]
[Black "Khamdamova, Afruza"]
[Result "0-1"]
[ECO "C43"]
[WhiteElo "1200"]
[BlackElo "1691"]
[Annotator "NA"]
[PlyCount "65"]
[EventDate "2018.11.04"]
[EventType "swiss"]
[EventCountry "ESP"]
[SourceTitle "playchess.com"]
[Source "ChessBase"]
[SourceQuality "1"]
[TimeControl "40/5400+30:1800+30"]

1. e4 e5 2. Nf3 Nf6 3. d4 exd4 4. Nxd4 Nxe4 5. Qe2 Qe7 6. Bf4 d6 7. g3 Nf6 8. Nc3 Bd7 9. Bg2 Qxe2+ 10. Ncxe2 Nc6 11. Nxc6 Bxc6 12. Bxc6+ bxc6 13. O-O Nd5 14. Bd2 Rb8 15. b3 Be7 16. c4 Nb4 17. a3 Nd3 18. Rab1 d5 19. cxd5 cxd5 20. b4 O-O 21. Bc3 c5 22. b5 d4 23. Ba5 Bf6 24. f4 Rfe8 25. Nc1 Nxc1 26. Rfxc1 Rbc8 27. b6 axb6 28. Bxb6 c4 29. Rb4 d3 30. Kf2 d2 31. Rd1 c3 32. Be3 c2 33. Rxd2 0-1

[Event "FIDE WCCC G10 2018"]
[Site "Santiago de Compostela"]
[Date "2018.11.04"]
[Round "1"]
[White "Serban, Sara Annamaria"]
[Black "Zhou, Yafei"]
[Result "0-1"]
[ECO "A02"]
[WhiteElo "1187"]
[BlackElo "1648"]
[Annotator "NA RC"]
[PlyCount "72"]
[EventDate "2018.11.04"]
[EventType "swiss"]
[EventCountry "ESP"]
[SourceTitle "playchess.com"]
[Source "ChessBase"]
[SourceQuality "1"]
[TimeControl "40/5400+30:1800+30"]

1. f4 Nf6 2. Nf3 d5 3. g3 Bf5 4. Bg2 e6 5. O-O Bd6 6. d4 O-O 7. Ne5 Nbd7 8. c3 c5 9. e3 h6 10. Nd2 Rc8 11. Ndf3 Ne4 12. Nxd7 Qxd7 13. Nd2 Rfd8 14. Nxe4 dxe4 15. Bd2 Bc7 16. Rc1 Bb6 17. Qe2 Qd5 18. b3 a6 19. Qc4 Ba7 20. Qxd5 exd5 21. a4 Rc7 22. Rfe1 Rdc8 23. h3 Bd7 24. Bf1 b5 25. axb5 axb5 26. g4 b4 27. cxb4 cxd4 28. Rxc7 Rxc7 29. exd4 Bxd4+ 30. Kh1 Rc2 31. Be3 Bxe3 32. Rxe3 Bc6 33. Re2 Rc1 34. Kg1 Bb5 35. Rf2 e3 36. Rf3 e2 0-1

[Event "FIDE WCCC G10 2018"]
[Site "Santiago de Compostela"]
[Date "2018.11.04"]
[Round "1"]
[White "Diz Lorono, Irene"]
[Black "Rouda Essa, Alserkal"]
[Result "0-1"]
[ECO "C50"]
[WhiteElo "1158"]
[BlackElo "1635"]
[Annotator "NA RC"]
[PlyCount "32"]
[EventDate "2018.11.04"]
[EventType "swiss"]
[EventCountry "ESP"]
[SourceTitle "playchess.com"]
[Source "ChessBase"]
[SourceQuality "1"]
[TimeControl "40/5400+30:1800+30"]

1. e4 e5 2. Nf3 Nc6 3. Bc4 Bc5 4. Nc3 Nf6 5. d3 d6 6. h3 h6 7. a3 a6 8. b4 Ba7 9. O-O g5 10. Nh2 g4 11. hxg4 Rg8 12. Bxh6 Nxg4 13. Nxg4 Bxg4 14. Qd2 Bf3 15. g3 Qh4 16. Bg5 Qh1# 0-1

[Event "FIDE WCCC G10 2018"]
[Site "Santiago de Compostela"]
[Date "2018.11.04"]
[Round "1"]
[White "Kulish, Glafira"]
[Black "Velea, Sophie"]
[Result "1-0"]
[ECO "B76"]
[WhiteElo "1153"]
[BlackElo "1593"]
[Annotator "NA RC"]
[PlyCount "125"]
[EventDate "2018.11.04"]
[EventType "swiss"]
[EventCountry "ESP"]
[SourceTitle "playchess.com"]
[Source "ChessBase"]
[SourceQuality "1"]
[TimeControl "40/5400+30:1800+30"]

1. e4 c5 2. Nf3 d6 3. d4 cxd4 4. Nxd4 Nf6 5. Nc3 g6 6. Be3 Bg7 7. f3 O-O 8. Qd2 Nc6 9. O-O-O d5 10. exd5 Nxd5 11. Nxc6 bxc6 12. Bd4 Bxd4 13. Qxd4 Qb6 14. Nxd5 cxd5 15. Qxd5 Be6 16. Qe4 Rfc8 17. Qa4 Bf5 18. Bd3 Rab8 19. Qa3 Bxd3 20. Rxd3 Qc7 21. Rc3 Qf4+ 22. Kb1 Rd8 23. Rd3 Qg5 24. g3 Qf6 25. Rxd8+ Rxd8 26. Qe3 a5 27. a4 Rb8 28. b3 Qc6 29. Qe4 Qd7 30. Qe5 Qa7 31. Rd1 Rc8 32. Qd4 Qc7 33. Rd2 Qc6 34. Qd7 Qc3 35. f4 Rb8 36. Qd3 Qc6 37. Ka2 Rc8 38. Kb2 Qc5 39. Qd4 Qc7 40. Qd3 Rb8 41. Qd7 Qc5 42. Qd4 Qc6 43. Qe5 Rc8 44. Qxa5 Qe4 45. Rd8+ Rxd8 46. Qxd8+ Kg7 47. Qd2 Kg8 48. a5 Qa8 49. Ka3 Qa7 50. Ka4 Qc5 51. b4 Qc4 52. c3 Qc6+ 53. Kb3 Qe6+ 54. c4 Qc6 55. Qd8+ Kg7 56. Qd5 Qc8 57. b5 Qg4 58. b6 Qe2 59. Qe5+ Qxe5 60. fxe5 f6 61. e6 Kf8 62. b7 Ke8 63. b8=Q# 1-0

[Event "FIDE WCCC G10 2018"]
[Site "Santiago de Compostela"]
[Date "2018.11.04"]
[Round "1"]
[White "Ahn, Anastasia"]
[Black "Gupta, Sara"]
[Result "0-1"]
[ECO "B21"]
[WhiteElo "1148"]
[BlackElo "1561"]
[Annotator "NA RC"]
[PlyCount "124"]
[EventDate "2018.11.04"]
[EventType "swiss"]
[EventCountry "ESP"]
[SourceTitle "playchess.com"]
[Source "ChessBase"]
[SourceQuality "1"]
[TimeControl "40/5400+30:1800+30"]

1. e4 c5 2. d4 cxd4 3. c3 d3 4. Bxd3 Nc6 5. Nf3 d6 6. O-O g6 7. Nbd2 Bg7 8. Nc4 Nf6 9. h3 O-O 10. Re1 b5 11. Na3 b4 12. cxb4 Nxb4 13. Bc4 Nxe4 14. Rxe4 d5 15. Bxd5 Qxd5 16. Qxd5 Nxd5 17. Ne5 Bf5 18. Re2 Rfc8 19. Bd2 Rab8 20. b3 Nc3 21. Bxc3 Rxc3 22. Rae1 Rc5 23. Nec4 e6 24. Nd6 Bd3 25. Re3 Ba6 26. Nac4 Rd8 27. Ne4 Rcc8 28. Ncd6 Rc2 29. a4 f5 30. Nb5 fxe4 31. Rxe4 Bxb5 32. axb5 Bc3 33. R1e2 Rxe2 34. Rxe2 e5 35. Rc2 Rd3 36. Ra2 Bd4 37. Rc2 Rc3 38. Rxc3 Bxc3 39. Kf1 Kf7 40. Ke2 Ke6 41. Kd3 Bd4 42. f3 Kd5 43. g3 Kc5 44. f4 Kxb5 45. Ke4 Kb4 46. fxe5 Bxe5 47. Kxe5 Kxb3 48. g4 a5 49. h4 a4 50. h5 gxh5 51. gxh5 a3 52. Kf6 a2 53. Kg7 a1=Q+ 54. Kxh7 Qf6 55. h6 Kc4 56. Kg8 Qxh6 57. Kf7 Kd5 58. Ke7 Qe6+ 59. Kf8 Qd7 60. Kg8 Ke5 61. Kf8 Kf6 62. Kg8 Qg7# 0-1